| TOP OF THE 1ST |
|
Vermont Lake Monsters batting - Pitching for Los Angeles (NYP) Angels : LHP Mark Sanders
|
|
Pitching: LHP Mark Sanders
|
|
|
Batting: LHB Nate Melendez
|
0-0: Called Strike 0-1: Called Strike 0-2: SINGLE (Groundball, 3L, EV 96.2 MPH) (infield hit)
|
|
Batting: RHB Chris Temple
|
0-0: SINGLE (Groundball, 4D, EV 98.1 MPH) Nate Melendez to second Throwing error, E9 Nate Melendez scores Chris Temple to second
|
|
Batting: RHB Zachary Anderson
|
0-0: Foul Ball, location: 2F 0-1: Ground out 6-3 (Groundball, 6, EV 108.8 MPH)
|
|
Batting: LHB Brian Puccio
|
0-0: Called Strike 0-1: Ball 1-1: Ball 2-1: Foul Ball, location: 2F 2-2: Ball 3-2: Strikes out swinging
|
|
Batting: RHB Chris Prinzing
|
0-0: Ball 1-0: DOUBLE (Line Drive, 9LM, EV 109.4 MPH) Chris Temple scores
|
|
Batting: RHB Jon Coleman
|
0-0: Ball 1-0: Ball 2-0: DOUBLE (Line Drive, 9LS, EV 113.8 MPH) Chris Prinzing scores
|
|
Batting: LHB Igor Ciobanu
|
0-0: Ball Passed Ball! Jon Coleman to third 1-0: Foul Ball, location: 2F 1-1: Ball 2-1: Ball 3-1: Swinging Strike 3-2: Base on Balls
|
|
Batting: SHB Matt Sybrant
|
0-0: Ball 1-0: Called Strike 1-1: Ball 2-1: Foul Ball, location: 2F 2-2: Ball 3-2: Base on Balls Igor Ciobanu to second
|
|
Batting: RHB Jake Leffel
|
0-0: Foul Ball, location: 2F 0-1: Ball 1-1: Ball 2-1: Called Strike 2-2: Foul Ball, location: 2F 2-2: Strikes out swinging
|
| Top of the 1st over - 3 runs, 4 hits, 1 error, 3 left on base; Vermont 3 - Los Angeles (NYP) 0 |
| BOTTOM OF THE 1ST |
|
Los Angeles (NYP) Angels batting - Pitching for Vermont Lake Monsters : LHP Hector Perdomo
|
|
Pitching: LHP Hector Perdomo
|
|
|
Batting: RHB Dan Myers
|
0-0: Fly out, F4 (Popup, 3D, EV 51.2 MPH)
|
|
Batting: RHB Rory Cobb
|
0-0: Ball 1-0: Foul Ball, location: 2F 1-1: Ground out 5-3 (Groundball, 5S, EV 61.9 MPH)
|
|
Batting: RHB Dan Burkhart
|
0-0: Ball 1-0: Foul Ball, location: 2F 1-1: Called Strike 1-2: Ball 2-2: Ground out 6-3 (Groundball, 56, EV 101.2 MPH)
|
| Bottom of the 1st over - 0 runs, 0 hits, 0 errors, 0 left on base; Vermont 3 - Los Angeles (NYP) 0 |
| TOP OF THE 2ND |
|
Vermont Lake Monsters batting - Pitching for Los Angeles (NYP) Angels : LHP Mark Sanders
|
|
Batting: LHB Nate Melendez
|
0-0: Ball 1-0: Foul Ball, location: 2F 1-1: Ground out 6-3 (Groundball, 6, EV 83.8 MPH)
|
|
Batting: RHB Chris Temple
|
0-0: Ball 1-0: SINGLE (Groundball, 34D, EV 100.0 MPH)
|
|
Batting: RHB Zachary Anderson
|
0-0: Foul Ball, location: 2F 0-1: Swinging Strike 0-2: Grounds out, U3 (Groundball, 3L, EV 110.0 MPH)
|
|
Batting: LHB Brian Puccio
|
0-0: Ball 1-0: Foul Ball, location: 2F 1-1: Called Strike Pickoff Throw to Second - Error! E1 Chris Temple to third 1-2: Strikes out swinging
|
| Top of the 2nd over - 0 runs, 1 hit, 1 error, 1 left on base; Vermont 3 - Los Angeles (NYP) 0 |
| BOTTOM OF THE 2ND |
|
Los Angeles (NYP) Angels batting - Pitching for Vermont Lake Monsters : LHP Hector Perdomo
|
|
Batting: RHB Phil Knox
|
0-0: Ball 1-0: Foul Ball, location: 2F 1-1: Called Strike 1-2: Fly out, F9 (Line Drive, 9, EV 103.8 MPH)
|
|
Batting: LHB Alberto Carrillo
|
0-0: Ball 1-0: Swinging Strike 1-1: Ground out 6-3 (Groundball, 6, EV 106.2 MPH)
|
|
Batting: LHB Adam Barry
|
0-0: Ball 1-0: Ball 2-0: DOUBLE (Line Drive, 9LS, EV 101.2 MPH)
|
|
Batting: LHB Jamie Diebel
|
0-0: Ball 1-0: Ground out 6-3 (Groundball, 6, EV 92.5 MPH)
|
| Bottom of the 2nd over - 0 runs, 1 hit, 0 errors, 1 left on base; Vermont 3 - Los Angeles (NYP) 0 |
| TOP OF THE 3RD |
|
Vermont Lake Monsters batting - Pitching for Los Angeles (NYP) Angels : LHP Mark Sanders
|
|
Batting: RHB Chris Prinzing
|
0-0: Foul Ball, location: 2F 0-1: Swinging Strike 0-2: Ball 1-2: Strikes out looking
|
|
Batting: RHB Jon Coleman
|
0-0: Ground out U3 (Groundball, 34S, EV 91.2 MPH)
|
|
Batting: LHB Igor Ciobanu
|
0-0: Ball 1-0: Foul Ball, location: 2F 1-1: Ball 2-1: Foul Ball, location: 2F 2-2: Foul Ball, location: 2F 2-2: Foul Ball, location: 2F 2-2: Foul Ball, location: 2F 2-2: Ball 3-2: DOUBLE (Line Drive, 7LM, EV 107.5 MPH)
|
|
Pinch Runner at 2nd Nick Pacheco:
|
|
|
Batting: SHB Matt Sybrant
|
0-0: Foul Ball, location: 2F 0-1: Foul Ball, location: 2F 0-2: Ball 1-2: Foul Ball, location: 2F 1-2: Ball 2-2: Foul Ball, location: 2F 2-2: SINGLE (Groundball, 6MD, EV 102.5 MPH) Nick Pacheco to third Runner from 3rd tries for Home, SAFE, throw by CF to home
|
|
Batting: RHB Jake Leffel
|
0-0: Fly out, F4 (Popup, 34, EV 60.6 MPH)
|
| Top of the 3rd over - 1 run, 2 hits, 0 errors, 1 left on base; Vermont 4 - Los Angeles (NYP) 0 |
| BOTTOM OF THE 3RD |
|
Los Angeles (NYP) Angels batting - Pitching for Vermont Lake Monsters : LHP Hector Perdomo
|
|
Now at 1B: Jonathan Ellis
|
|
|
Batting: RHB Malachi Ephron
|
0-0: Ball 1-0: Ball 2-0: Ball 3-0: Base on Balls
|
|
Batting: RHB Ron Major
|
0-0: Called Strike 0-1: Fly out, F9 (Flyball, 9LS, EV 85.6 MPH)
|
|
Batting: RHB Dan Myers
|
0-0: Called Strike 0-1: Grounds into double play, 4-6-3 (Groundball, 34, EV 86.9 MPH)
|
| Bottom of the 3rd over - 0 runs, 0 hits, 0 errors, 0 left on base; Vermont 4 - Los Angeles (NYP) 0 |
| TOP OF THE 4TH |
|
Vermont Lake Monsters batting - Pitching for Los Angeles (NYP) Angels : LHP Mark Sanders
|
|
Batting: LHB Nate Melendez
|
0-0: Foul Ball, location: 2F 0-1: Ball 1-1: Fly out, F4 (Line Drive, 4, EV 63.8 MPH)
|
|
Batting: RHB Chris Temple
|
0-0: Fly out, F8 (Flyball, 8LM, EV 86.2 MPH)
|
|
Batting: RHB Zachary Anderson
|
0-0: Swinging Strike 0-1: Ball 1-1: Ball 2-1: Fly out, F4 (Popup, 34D, EV 62.5 MPH)
|
| Top of the 4th over - 0 runs, 0 hits, 0 errors, 0 left on base; Vermont 4 - Los Angeles (NYP) 0 |
| BOTTOM OF THE 4TH |
|
Los Angeles (NYP) Angels batting - Pitching for Vermont Lake Monsters : LHP Hector Perdomo
|
|
Batting: RHB Rory Cobb
|
0-0: Ball 1-0: Called Strike 1-1: Swinging Strike 1-2: Ball 2-2: Foul Ball, location: 2F 2-2: Strikes out looking
|
|
Batting: RHB Dan Burkhart
|
0-0: Ball 1-0: Ball 2-0: Swinging Strike 2-1: Called Strike 2-2: Reached on error, E6 (Groundball, 6S, EV 90.6 MPH)
|
|
Batting: RHB Phil Knox
|
0-0: SINGLE (Groundball, 34D, EV 95.6 MPH) Dan Burkhart to third
|
|
Batting: LHB Alberto Carrillo
|
0-0: Called Strike 0-1: Called Strike 0-2: Ball 1-2: Fielders Choice at 2nd, 4-6 (Groundball, 4, EV 103.8 MPH) Dan Burkhart scores
|
|
Batting: LHB Adam Barry
|
0-0: Ball 1-0: Ball 2-0: Foul Ball, location: 2F 2-1: Swinging Strike 2-2: Ball 3-2: Ground out 4-3 (Groundball, 34, EV 75.6 MPH)
|
| Bottom of the 4th over - 1 run, 1 hit, 1 error, 1 left on base; Vermont 4 - Los Angeles (NYP) 1 |
| TOP OF THE 5TH |
|
Vermont Lake Monsters batting - Pitching for Los Angeles (NYP) Angels : LHP Mark Sanders
|
|
Batting: LHB Brian Puccio
|
0-0: Called Strike 0-1: Ball 1-1: Swinging Strike 1-2: Ball 2-2: Ball 3-2: Foul Ball, location: 2F 3-2: Base on Balls
|
|
Pitching: LHP Chris Fuller
|
|
|
Batting: RHB Chris Prinzing
|
0-0: Swinging Strike 0-1: Called Strike 0-2: Strikes out swinging
|
|
Batting: RHB Jon Coleman
|
0-0: Fielders Choice at 2nd, 6-4 (Groundball, 6, EV 95.0 MPH)
|
|
Batting: RHB Jonathan Ellis
|
0-0: Called Strike 0-1: Swinging Strike 0-2: Ball 1-2: Foul Ball, location: 2F 1-2: Ball 2-2: Strikes out swinging
|
| Top of the 5th over - 0 runs, 0 hits, 0 errors, 1 left on base; Vermont 4 - Los Angeles (NYP) 1 |
| BOTTOM OF THE 5TH |
|
Los Angeles (NYP) Angels batting - Pitching for Vermont Lake Monsters : LHP Hector Perdomo
|
|
Batting: LHB Jamie Diebel
|
0-0: Foul Ball, location: 2F 0-1: Ground out U3 (Groundball, 3, EV 105.6 MPH)
|
|
Batting: RHB Malachi Ephron
|
0-0: Ball 1-0: Ground out 1-3 (Groundball, 13S, EV 70.0 MPH)
|
|
Batting: RHB Ron Major
|
0-0: Ball 1-0: Ball 2-0: Called Strike 2-1: Foul Ball, location: 2F 2-2: Ground out 3-1 (Groundball, 34, EV 88.8 MPH)
|
| Bottom of the 5th over - 0 runs, 0 hits, 0 errors, 0 left on base; Vermont 4 - Los Angeles (NYP) 1 |
| TOP OF THE 6TH |
|
Vermont Lake Monsters batting - Pitching for Los Angeles (NYP) Angels : LHP Chris Fuller
|
|
Batting: SHB Matt Sybrant
|
0-0: Called Strike 0-1: Ball 1-1: Ball 2-1: Called Strike 2-2: DOUBLE (Line Drive, 89D, EV 104.4 MPH)
|
|
Batting: RHB Jake Leffel
|
0-0: Swinging Strike 0-1: SINGLE (Groundball, 6MD, EV 98.1 MPH) Matt Sybrant to third Runner from 3rd tries for Home, throw by CF and OUT! 8-2
|
|
Batting: LHB Nate Melendez
|
0-0: Ball Jake Leffel is caught stealing 2nd base 2-6 1-0: Ball 2-0: Called Strike 2-1: Ball 3-1: Base on Balls
|
|
Batting: RHB Chris Temple
|
0-0: Called Strike Nate Melendez is caught stealing 2nd base 2-4
|
| Top of the 6th over - 0 runs, 2 hits, 0 errors, 0 left on base; Vermont 4 - Los Angeles (NYP) 1 |
| BOTTOM OF THE 6TH |
|
Los Angeles (NYP) Angels batting - Pitching for Vermont Lake Monsters : LHP Hector Perdomo
|
|
Batting: RHB Dan Myers
|
0-0: Ball 1-0: Swinging Strike 1-1: Ball 2-1: Fly out, F6 (Popup, 6, EV 29.4 MPH)
|
|
Batting: RHB Rory Cobb
|
0-0: Ground out 6-3 (Groundball, 6, EV 85.6 MPH)
|
|
Batting: RHB Dan Burkhart
|
0-0: Called Strike 0-1: Foul Ball, location: 2F 0-2: Ground out 1-3 (Groundball, 13S, EV 66.2 MPH)
|
| Bottom of the 6th over - 0 runs, 0 hits, 0 errors, 0 left on base; Vermont 4 - Los Angeles (NYP) 1 |
| TOP OF THE 7TH |
|
Vermont Lake Monsters batting - Pitching for Los Angeles (NYP) Angels : LHP Chris Fuller
|
|
Batting: RHB Chris Temple
|
0-0: Fly out, F8 (Flyball, 8LM, EV 85.6 MPH)
|
|
Batting: RHB Zachary Anderson
|
0-0: Ball 1-0: Ball 2-0: Fly out, F7 (Line Drive, 78M, EV 105.0 MPH)
|
|
Batting: LHB Brian Puccio
|
0-0: Called Strike 0-1: Foul Ball, location: 2F 0-2: Foul Ball, location: 2F 0-2: Strikes out swinging
|
| Top of the 7th over - 0 runs, 0 hits, 0 errors, 0 left on base; Vermont 4 - Los Angeles (NYP) 1 |
| BOTTOM OF THE 7TH |
|
Los Angeles (NYP) Angels batting - Pitching for Vermont Lake Monsters : LHP Hector Perdomo
|
|
Batting: RHB Phil Knox
|
0-0: Called Strike 0-1: Ball 1-1: Ground out 5-3 (Groundball, 5, EV 87.5 MPH)
|
|
Pitching: RHP Igoryok Wolgaevsky
|
|
|
Batting: LHB Alberto Carrillo
|
0-0: Ball 1-0: Ball 2-0: Ground out U3 (Groundball, 3, EV 94.4 MPH)
|
|
Batting: LHB Adam Barry
|
0-0: SINGLE (Line Drive, 3D, EV 97.5 MPH)
|
|
Batting: LHB Jamie Diebel
|
0-0: Ball Adam Barry steals 2nd base 1-0: Ball 2-0: Called Strike 2-1: Fly out, F8 (Flyball, 89M, EV 88.8 MPH)
|
| Bottom of the 7th over - 0 runs, 1 hit, 0 errors, 1 left on base; Vermont 4 - Los Angeles (NYP) 1 |
| TOP OF THE 8TH |
|
Vermont Lake Monsters batting - Pitching for Los Angeles (NYP) Angels : LHP Chris Fuller
|
|
Pitching: RHP Jamie Snyder
|
|
|
Batting: RHB Chris Prinzing
|
0-0: Ball 1-0: Ball 2-0: Fly out, F9 (Flyball, 89D, EV 99.4 MPH)
|
|
Batting: RHB Jon Coleman
|
0-0: Ball 1-0: Foul Ball, location: 2F 1-1: Foul Ball, location: 2F 1-2: Ball 2-2: Ball 3-2: Foul Ball, location: 2F 3-2: Ground out 6-3 (Groundball, 6, EV 89.4 MPH)
|
|
Batting: RHB Jonathan Ellis
|
0-0: Called Strike 0-1: Ball 1-1: Ball 2-1: Called Strike 2-2: Ball 3-2: Strikes out swinging
|
| Top of the 8th over - 0 runs, 0 hits, 0 errors, 0 left on base; Vermont 4 - Los Angeles (NYP) 1 |
| BOTTOM OF THE 8TH |
|
Los Angeles (NYP) Angels batting - Pitching for Vermont Lake Monsters : RHP Igoryok Wolgaevsky
|
|
Now at 3B: Alberto Malagon
|
|
|
Batting: RHB Malachi Ephron
|
0-0: Ball 1-0: Swinging Strike 1-1: Foul Ball, location: 2F 1-2: Strikes out swinging
|
|
Pinch Hitting: SHB Danny Gelinas
|
0-0: Called Strike 0-1: Ball 1-1: Ball 2-1: Ground out 4-3 (Groundball, 34D, EV 103.1 MPH)
|
|
Batting: RHB Dan Myers
|
0-0: Called Strike 0-1: Ball 1-1: Ball 2-1: TRIPLE (Flyball, 8RXD, EV 90.6 MPH)
|
|
Batting: RHB Rory Cobb
|
0-0: Ball 1-0: Called Strike 1-1: Ball Wild Pitch! Dan Myers scores 2-1: Called Strike 2-2: Ground out 5-3 (Groundball, 56, EV 110.6 MPH)
|
| Bottom of the 8th over - 1 run, 1 hit, 0 errors, 0 left on base; Vermont 4 - Los Angeles (NYP) 2 |
| TOP OF THE 9TH |
|
Vermont Lake Monsters batting - Pitching for Los Angeles (NYP) Angels : RHP Jamie Snyder
|
|
Now at 3B: Danny Gelinas
|
|
|
Batting: SHB Matt Sybrant
|
0-0: Fly out, F6 (Line Drive, 6M, EV 74.4 MPH)
|
|
Batting: RHB Jake Leffel
|
0-0: Ball 1-0: Ball 2-0: Foul Ball, location: 2F 2-1: Ball 3-1: Ground out 6-3 (Groundball, 6, EV 91.2 MPH)
|
|
Batting: LHB Nate Melendez
|
0-0: Called Strike 0-1: Swinging Strike 0-2: Fly out, F7 (Line Drive, 7D, EV 88.8 MPH)
|
| Top of the 9th over - 0 runs, 0 hits, 0 errors, 0 left on base; Vermont 4 - Los Angeles (NYP) 2 |
| BOTTOM OF THE 9TH |
|
Los Angeles (NYP) Angels batting - Pitching for Vermont Lake Monsters : RHP Igoryok Wolgaevsky
|
|
Batting: RHB Dan Burkhart
|
0-0: Ball 1-0: Called Strike 1-1: Foul Ball, location: 2F 1-2: Ball 2-2: Hit by Pitch
|
|
Pinch Hitting: LHB Spencer Palmer
|
0-0: Swinging Strike 0-1: Foul Ball, location: 2F 0-2: Ball 1-2: Strikes out swinging
|
|
Batting: LHB Alberto Carrillo
|
0-0: Ball 1-0: Foul Ball, location: 2F 1-1: Ball 2-1: Ground out 6-3 (Groundball, 56, EV 88.8 MPH) Dan Burkhart to second
|
|
Batting: LHB Adam Barry
|
0-0: Called Strike 0-1: Called Strike 0-2: Ball 1-2: Ground out U3 (Groundball, 3L, EV 85.6 MPH)
|
| Bottom of the 9th over - 0 runs, 0 hits, 0 errors, 1 left on base; Vermont 4 - Los Angeles (NYP) 2 |
|